 Dungeon Crawl Stone Soup version 0.25.1-9-gc5326a611f (webtiles) character file.

Game seed: 11004972569093729838

6885060 AlexTheUnready the Conqueror (level 27, 273/273 HPs)
             Began as a Hill Orc Gladiator on Nov 7, 2023.
             Was the Champion of the Shining One.
             Escaped with the Orb
             ... and 10 runes on Nov 9, 2023!
             The game lasted 04:15:25 (113646 turns).

AlexTheUnready the Conqueror (Hill Orc Gladiator) Turns: 113646, Time: 04:15:25

Health: 273/273    AC: 52    Str: 30    XL:     27
Magic:  44/44      EV: 15    Int:  8    God:    the Shining One [******]
Gold:   12300      SH: 24    Dex: 12    Spells: 26/26 levels left

rFire    + + +     SeeInvis .   V - +9 broad axe (holy)
rCold    + + +     Gourm    .   p - +5 kite shield {AC+3}
rNeg     + + +     Faith    +   y - +12 gold dragon scales
rPois    +         Spirit   +   q - +2 hat of the Bear Spirit {Spirit, +Rage rN+ MR++}
rElec    +         Reflect  .   g - +4 dragonskin cloak
rCorr    +         Harm     .   u - +2 pair of gloves
MR       +++++                  G - +0 pair of boots of the Skies Above {rF+ rN++ MR+} (curse)
Stlth    ..........             L - amulet "Nios" {Faith rF++ rC+ Slay+2 Stlth-}
HPRegen  0.55/turn              M - ring of Ephemeral Luck {rElec rPois EV+4 Dex+4}
MPRegen  0.29/turn              i - ring of Icwesuru {rPois rC+ MR+}

@: glowing
A: horns 1, repulsion field 1, yellow scales 1, blink, clumsy 2, deformed body,
high mp 1, evolution 1, no potion heal 2, subdued magic 1, MP-powered wands
0: Orb of Zot
}: 10/15 runes: decaying, slimy, silver, abyssal, demonic, glowing, magical,
fiery, dark, gossamer
a: Blink, Divine Shield, Cleansing Flame, Summon Divine Warrior, Renounce
Religion, Evoke Berserk Rage


You escaped.
You worshipped the Shining One.
The Shining One was exalted by your worship.
You were hungry.

You visited 12 branches of the dungeon, and saw 58 of its levels.
You visited Pandemonium 1 time, and saw 19 of its levels.
You visited the Abyss 2 times.
You visited 1 bazaar.
You also visited: Trove, Ice Cave and Wizlab.

You collected 17062 gold pieces.
You spent 4762 gold pieces at shops.

Inventory:

Hand Weapons
 x - a +8 broad axe of flaming
 V - a +9 broad axe of holy wrath (weapon)
Missiles
 c - 18 curare-tipped darts
 d - 4 throwing nets
 B - 11 silver boomerangs (quivered)
 J - 28 boomerangs
 K - 17 javelins
 Y - 8 silver javelins
Armour
 g - the +4 dragonskin cloak (worn)
   (You took it off Tiamat on level 1 of the Realm of Zot)
 p - a +5 kite shield of protection (worn)
 q - the +2 hat of the Bear Spirit (worn) {Spirit, +Rage rN+ MR++}
   (You bought it in a shop on level 2 of the Orcish Mines)

   It protects you from negative energy.
   It affects your resistance to hostile enchantments.
   It lets you go berserk.
 u - a +2 pair of gloves (worn)
 y - +12 gold dragon scales (worn)
 G - the cursed +0 pair of boots of the Skies Above (worn) {rF+ rN++ MR+}
   (You found it on level 3 of the Elven Halls)

   It protects you from fire.
   It greatly protects you from negative energy.
   It affects your resistance to hostile enchantments.
   It has a curse placed upon it.
Jewellery
 a - a +6 ring of strength
 i - the ring of Icwesuru (right hand) {rPois rC+ MR+}
   (You found it in a treasure trove)

   [ring of protection from magic]

   It protects you from cold.
   It protects you from poison.
   It affects your resistance to hostile enchantments.
 m - the ring of Qaqeuq {rF+ Int+4}
   (You took it off a balrug in Pandemonium)

   [ring of protection from fire]

   It affects your intelligence (+4).
   It protects you from fire.
 n - an uncursed amulet of the acrobat
 z - an uncursed ring of resist corrosion
 F - a cursed -4 ring of dexterity
 L - the amulet "Nios" (around neck) {Faith rF++ rC+ Slay+2 Stlth-}
   (You bought it in a shop on level 1 of the Depths)

   [amulet of faith]

   It allows you to gain divine favour quickly.
   It affects your accuracy and damage with ranged weapons and melee attacks
   (+2).
   It greatly protects you from fire.
   It protects you from cold.
   It makes you less stealthy.
 M - the ring of Ephemeral Luck (left hand) {rElec rPois EV+4 Dex+4}
   (You found it on level 3 of the Depths)

   [ring of evasion]

   It affects your evasion (+4).
   It affects your dexterity (+4).
   It insulates you from electricity.
   It protects you from poison.
 O - a cursed -4 ring of strength
 X - an uncursed ring of protection from cold
Wands
 S - a wand of enslavement (7)
 T - a wand of digging (16)
Scrolls
 b - 19 scrolls of magic mapping
 h - 15 scrolls of fear
 o - 29 scrolls of remove curse
 r - 2 scrolls of silence
 t - 19 scrolls of blinking
 v - 7 scrolls of summoning
 w - a scroll of amnesia
 C - 24 scrolls of teleportation
 D - 30 scrolls of identify
 E - 4 scrolls of holy word
 Q - 15 scrolls of fog
 R - a scroll of brand weapon
Potions
 e - 16 potions of lignification
 j - 32 potions of curing
 k - 9 potions of might
 l - 5 potions of cancellation
 s - 16 potions of haste
 A - 4 potions of heal wounds
 H - 2 potions of flight
 I - 6 potions of magic
 N - 6 potions of mutation
 P - 6 potions of resistance
 U - 3 potions of ambrosia
Miscellaneous
 W - 4 boxes of beasts
Comestibles
 f - 9 rations


   Skills:
 O Level 27 Fighting
 - Level 18.0 Axes
 O Level 27 Throwing
 O Level 27 Armour
 - Level 2.4 Dodging
 - Level 25.0 Shields
 O Level 27 Invocations
 + Level 23.9 Evocations


You had 26 spell levels left.
You didn't know any spells.
Your spell library contained the following spells:

 Spells                   Type           Power        Failure   Level  Hunger
 Animate Skeleton         Necr           N/A          90%         1    ##.....
 Apportation              Tloc           #.....       90%         1    ##.....
 Beastly Appendage        Tmut           #.....       90%         1    ##.....
 Corona                   Hex            #......      90%         1    ##.....
 Foxfire                  Conj/Fire      #...         90%         1    ##.....
 Freeze                   Ice            #...         90%         1    ##.....
 Magic Dart               Conj           #...         90%         1    ##.....
 Pain                     Necr           #...         90%         1    ##.....
 Shock                    Conj/Air       #...         90%         1    ##.....
 Sting                    Tmut/Pois      #...         90%         1    ##.....
 Summon Butterflies       Summ           #.......     90%         1    ##.....
 Summon Small Mammal      Summ           #...         90%         1    ##.....
 Call Imp                 Summ           #.......     97%         2    ###....
 Corpse Rot               Necr/Air       N/A          97%         2    ###....
 Ensorcelled Hibernation  Hex/Ice        #.....       97%         2    ###....
 Passwall                 Tmut/Erth      #.......     97%         2    ###....
 Poisonous Vapours        Pois/Air       #.....       97%         2    ###....
 Searing Ray              Conj           #.....       97%         2    ###....
 Slow                     Hex            #.......     97%         2    ###....
 Sticks to Snakes         Tmut           #.......     97%         2    ###....
 Sublimation of Blood     Necr           #.........   97%         2    ###....
 Swiftness                Chrm/Air       #.......     97%         2    ###....
 Call Canine Familiar     Summ           #.......     99%         3    ####...
 Confusing Touch          Hex            #.......     99%         3    ####...
 Conjure Flame            Conj/Fire      #.......     99%         3    ####...
 Dazzling Flash           Conj/Hex       #.....       99%         3    ####...
 Frozen Ramparts          Ice            #.....       99%         3    ####...
 Gell's Gravitas          Tloc           #.........   99%         3    ####...
 Ignite Poison            Fire/Tmut/Pois #.......     99%         3    ####...
 Inner Flame              Hex/Fire       #.......     99%         3    ####...
 Lesser Beckoning         Tloc           #.........   99%         3    ####...
 Mephitic Cloud           Conj/Pois/Air  #.......     99%         3    ####...
 Ozocubu's Armour         Chrm/Ice       #.......     99%         3    ####...
 Portal Projectile        Hex/Tloc       #.....       99%         3    ####...
 Recall                   Summ/Tloc      N/A          99%         3    ####...
 Spectral Weapon          Hex/Chrm       #.......     99%         3    ####...
 Spider Form              Tmut/Pois      #.........   99%         3    ####...
 Static Discharge         Conj/Air       #.......     99%         3    ####...
 Stone Arrow              Conj/Erth      #.....       99%         3    ####...
 Summon Guardian Golem    Hex/Summ       #.......     99%         3    ####...
 Tukima's Dance           Hex            #.......     99%         3    ####...
 Vampiric Draining        Necr           #.........   99%         3    ####...
 Airstrike                Air            #.........   100%        4    #####..
 Animate Dead             Necr           N/A          100%        4    #####..
 Cause Fear               Hex            #.........   100%        4    #####..
 Dispel Undead            Necr           #.......     100%        4    #####..
 Fulminant Prism          Conj/Hex       #.........   100%        4    #####..
 Hailstorm                Conj/Ice       #.......     100%        4    #####..
 Ice Form                 Ice/Tmut       #.......     100%        4    #####..
 Iskenderun's Mystic Bla  Conj/Tloc      #.......     100%        4    #####..
 Leda's Liquefaction      Hex/Erth       #.........   100%        4    #####..
 Olgreb's Toxic Radiance  Pois           #.......     100%        4    #####..
 Petrify                  Tmut/Erth      #.......     100%        4    #####..
 Sticky Flame             Conj/Fire      #.......     100%        4    #####..
 Summon Ice Beast         Ice/Summ       #.......     100%        4    #####..
 Summon Lightning Spire   Summ/Air       #.......     100%        4    #####..
 Agony                    Necr           #.......     100%        5    ######.
 Alistair's Intoxication  Tmut/Pois      #.......     100%        5    ######.
 Aura of Abjuration       Summ           #.........   100%        5    ######.
 Bolt of Magma            Conj/Fire/Erth #.........   100%        5    ######.
 Borgnjor's Vile Clutch   Necr/Erth      #.........   100%        5    ######.
 Excruciating Wounds      Chrm/Necr      #.........   100%        5    ######.
 Fireball                 Conj/Fire      #.........   100%        5    ######.
 Iskenderun's Battlesphe  Conj/Chrm      #.......     100%        5    ######.
 Lee's Rapid Deconstruct  Erth           #.........   100%        5    ######.
 Lightning Bolt           Conj/Air       #.........   100%        5    ######.
 Metabolic Englaciation   Hex/Ice        #.........   100%        5    ######.
 Silence                  Hex/Air        #.........   100%        5    ######.
 Summon Demon             Summ           #.........   100%        5    ######.
 Summon Forest            Summ/Tloc      #.........   100%        5    ######.
 Summon Mana Viper        Hex/Summ       #.......     100%        5    ######.
 Yara's Violent Unravell  Hex/Tmut       #.........   100%        5    ######.
 Darkness                 Hex            #.........   100%        6    #######
 Death Channel            Necr           #.........   100%        6    #######
 Dispersal                Tloc           #.........   100%        6    #######
 Eringya's Noxious Bog    Tmut/Pois      #.........   100%        6    #######
 Freezing Cloud           Conj/Ice/Air   #.........   100%        6    #######
 Invisibility             Hex            #.......     100%        6    #######
 Iron Shot                Conj/Erth      #.........   100%        6    #######
 Ozocubu's Refrigeration  Ice            #.........   100%        6    #######
 Shadow Creatures         Summ           N/A          100%        6    #######
 Simulacrum               Ice/Necr       #.........   100%        6    #######
 Starburst                Conj/Fire      #.........   100%        6    #######
 Statue Form              Tmut/Erth      #........    100%        6    #######
 Dragon Form              Tmut           #.........   100%        7    #######
 Malign Gateway           Summ/Tloc      #.........   100%        7    #######
 Monstrous Menagerie      Summ           #.........   100%        7    #######
 Orb of Destruction       Conj           #.........   100%        7    #######
 Ring of Flames           Chrm/Fire      #.........   100%        7    #######
 Spellforged Servitor     Conj/Summ      #.........   100%        7    #######
 Summon Greater Demon     Summ           #.........   100%        7    #######
 Summon Hydra             Summ           #.........   100%        7    #######
 Chain Lightning          Conj/Air       #.........   100%        8    #######
 Controlled Blink         Tloc           N/A          100%        8    #######
 Disjunction              Tloc           #.........   100%        8    #######
 Ignition                 Fire           #.........   100%        8    #######
 Lehudib's Crystal Spear  Conj/Erth      #.........   100%        8    #######
 Summon Horrible Things   Summ           #.........   100%        8    #######
 Absolute Zero            Ice            #.........   100%        9    #######
 Dragon's Call            Summ           #.........   100%        9    #######
 Fire Storm               Conj/Fire      #.........   100%        9    #######
 Shatter                  Erth           #.........   100%        9    #######
 Passage of Golubria      Tloc           Unusable     N/A         4    N/A

Dungeon Overview and Level Annotations

Branches:
Dungeon (15/15)            Temple (1/1) D:5            Lair (6/6) D:10
  Swamp (4/4) Lair:2       Spider (4/4) Lair:3        Slime (5/5) Lair:5
    Orc (2/2) D:9             Elf (3/3) Orc:2        Vaults (5/5) D:14
  Crypt (3/3) Vaults:2       Tomb (0/3) Crypt:3      Depths (5/5) D:15
    Zot (5/5) Depths:5      IceCv (visited)          WizLab (visited)

Altars:
Cheibriados
Dithmenos
Elyvilon
Fedhas
Gozag
Hepliaklqana
Kikubaaqudgha
Nemelex Xobeh
Okawaru
Qazlal
Trog
Uskayaw
Vehumet
Wu Jian
Xom
Yredelemnul
The Shining One
Beogh
Jiyva

Shops:
D:7 !   D:10 }   Orc:2 (=[*=   Elf:1 (   Vaults:3 *   Vaults:4 (}*   Vaults:5 !
Depths:1 =}=   Depths:2 }

Portals:
Hell: Depths:1 Depths:2 Depths:3 Depths:4 Depths:5
Abyss: Lair:3 Depths:1 Depths:3 Depths:4
Pandemonium: Depths:3
Ziggurat: Depths:5

Annotations:
D:10 2 runed translucent doors, exclusion: orange crystal statue, Thomus's ghost, journeyman HOFi
Zot:5 1 exclusion


Innate Abilities, Weirdness & Mutations

You have a pair of small horns on your head.
You are surrounded by a mild repulsion field. (EV +2)
You are partially covered in yellow scales. (AC +2)
You can translocate small distances at will.
You are very clumsy. (Dex -4)
Armour fits poorly on your strangely shaped body.
You have an increased reservoir of magic. (+10% MP)
You evolve.
Potions are poor at restoring your health.
Your spells are a little easier to cast, but a little less powerful.
You expend magic power (3 MP) to strengthen your wands.


Message History

The Shining One accepts your kill.
Unknown command.
No target in view!
Unknown command.
Unknown command.
No target in view!
You see here a +1 demon whip of electrocution.
You see here a +0 trident.
A jackal comes into view. x2
The jackal moves out of view.
You can't go up here!
The jackal barks!
You slice the jackal!!
You kill the jackal!
You slice the jackal!!
You kill the jackal!
No target in view!
No target in view!
There is a staircase leading out of the dungeon here.
You have escaped!

###############'#+###############
#...............#................
#.#####################.#########
#.#.).#......#.....####..#
#.#.#.#.#...)#..⌠.....##.# #
#.#.#.#.#.####....†....#.# #
#.#.#)#.#.#.#......#.....# #
#.#.#.#.###........###...# #
#.#.#.#......#..@..# ##..# #
#.#.#.####.........###..##
#.#.#.# #..#......#..).#
#.....####.###.........##
###..........#..⌠.....##
##########...#.....####
...(.....#...#######
########.#..## #.#..#


There were no monsters in sight!

Vanquished Creatures
  Cerebov (Pan)
  the Royal Jelly (Slime:5)
  Gloorx Vloq (Pan)
  11 pandemonium lords (Pan)
  Lom Lobon (Pan)
  Tiamat (Zot:1)
  Mnoleg (Pan)
  6 orbs of fire
  Mennas (Pan)
  2 juggernauts
  9 ancient liches
  Boris (Vaults:5)
  The ghost of Thomus the Hoplite, a veteran HOFi of Okawaru (Depths:2)
  Bai Suzhen (Vaults:4)
  the Lernaean hydra (Swamp:4)
  Xtahua (Vaults:5)
  Saint Roka (Crypt:1)
  3 Killer Klowns
  3 curse toes
  Margery (Crypt:1)
  10 caustic shrikes
  9 golden dragons
  The ghost of Enidao the Devastator, a veteran GrEE of Lugonu (Crypt:2)
  4 electric golems
  5 bone dragons
  12 Brimstone Fiends
  4 Tzitzimimeh (Pan)
  Rupert (D:14)
  23 Orb Guardians (Zot:5)
  27 tentacled monstrosities
  12 Hell Sentinels
  10 titans
  9 Ice Fiends (Pan)
  7 liches
  7 quicksilver dragons
  2 deep elf blademasters (Elf:3)
  2 deep elf master archers (Elf:3)
  32 Executioners
  An eldritch tentacle (Pan)
  6 sphinxes
  5 ancient champions
  4 tentacled starspawn
  7 death cobs
  19 acid blobs
  10 warmongers (Pan)
  17 storm dragons
  12 shadow dragons
  6 tengu reavers
  Roxanne (Swamp:3)
  A revenant (Abyss:4)
  17 draconian monks
  6 deep elf sorcerers
  5 draconian knights
  13 azure jellies
  9 frost giants
  9 fire giants
  3 iron dragons
  29 balrugs
  25 cacodemons
  An orc warlord (Vaults:2)
  Aizul (Elf:1)
  18 vault wardens
  A ghoul (Crypt:1)
  7 emperor scorpions
  9 draconian annihilators
  5 ghost moths
  6 draconian scorchers
  Louise (Elf:2)
  6 draconian stormcallers
  A spriggan defender (Depths:2)
  2 deep elf elementalists (Elf:3)
  6 curse skulls
  26 very ugly things
  7 reapers (Pan)
  22 ironheart preservers
  11 blood saints
  7 draconian shifters
  11 corrupters
  4 entropy weavers
  4 war gargoyles
  28 stone giants
  13 lorocyprocas
  14 green draconians
  10 vampire knights
  17 black draconians
  2 ophanim (Abyss:4)
  6 yellow draconians
  10 deep elf demonologists
  A dire elephant (Zot:4)
  7 black suns
  19 white draconians
  13 purple draconians
  8 spark wasps
  15 red draconians
  2 eidola
  26 blizzard demons
  10 deep elf annihilators
  15 ettins
  The ghost of AlexTheUnready the Thaumaturge, a journeyman NaVM of Vehumet (Lair:4)
  5 death oozes
  14 fire dragons
  5 jiangshi
  8 deep elf death magi
  3 deep elf high priests
  11 great orbs of eyes
  A quicksilver dragon zombie (Crypt:3)
  15 ogre magi
  Josephine (D:15)
  17 yaktaur captains
  35 green deaths
  A merfolk impaler (Depths:1)
  3 quicksilver dragon skeletons
  13 ice dragons
  A great orb of eyes (shapeshifter) (Vaults:5)
  16 rakshasas
  7 hell beasts
  24 vault guards
  2 catoblepae
  A shambling mangrove (Swamp:3)
  2 juggernaut simulacra (Pan)
  18 hydras
  A ghost crab (Swamp:1)
  Fannar (Lair:3)
  5 spriggan air magi
  4 monstrous demonspawn (Pan)
  7 centaur warriors
  An alligator snapping turtle (shapeshifter) (Depths:3)
  2 two-headed ogres (shapeshifter)
  14 deep troll shamans
  39 dancing weapons
  5 death knights
  8 alligators
  6 tengu warriors
  An alligator (shapeshifter) (Vaults:5)
  24 deep troll earth magi
  5 hell hogs
  23 thrashing horrors
  39 two-headed ogres
  6 death yaks
  5 vampire magi
  2 titan zombies
  An orc high priest (Orc:2)
  7 spriggan berserkers
  12 wretched stars
  A storm dragon zombie (Abyss:3)
  25 deep elf knights
  The ghost of Naozyurph the Unseen, a journeyman FeWn of Uskayaw (Lair:3)
  4 iron trolls
  81 sun demons
  39 soul eaters
  4 spatial maelstroms (Abyss:4)
  11 shadow wraiths
  3 titan skeletons
  A salamander mystic (Depths:4)
  5 hell knights (Crypt:1)
  53 deep trolls
  45 skeletal warriors
  A sea snake (shapeshifter) (Vaults:3)
  A storm dragon skeleton (Crypt:2)
  37 sixfirhies
  11 ironbrand convokers
  An unseen horror (shapeshifter) (D:15)
  A spriggan druid (Swamp:2)
  13 gelid demonspawn
  2 deep trolls (shapeshifter) (Vaults:5)
  3 flayed ghosts
  A cherub (Pan)
  A death drake (shapeshifter) (Depths:3)
  6 wizards
  12 shadow demons
  2 unseen horrors
  An anaconda skeleton (Crypt:3)
  7 glowing orange brains
  10 infernal demonspawn (Pan)
  23 orc knights
  An entropy weaver zombie (Crypt:2)
  20 deep elf archers
  8 torturous demonspawn (Pan)
  An obsidian statue (Vaults:1)
  3 lindwurms (Lair:6)
  13 phantasmal warriors
  8 swamp dragons (Swamp:4)
  A mana viper (Abyss:4)
  A mana viper (shapeshifter) (D:15)
  8 necromancers
  28 wolf spiders
  3 harpies (Vaults:1)
  98 large abominations
  59 ugly things
  2 oklob plants (Lair:5)
  8 shining eyes
  A fire giant zombie (Crypt:3)
  Pikel (D:9)
  4 salamanders (Depths:4)
  19 orb spiders
  A manticore (D:15)
  5 worldbinders
  55 deep elf magi
  4 orc sorcerers
  26 moths of wrath
  A manticore (shapeshifter) (Vaults:1)
  4 frost giant skeletons
  A stone giant skeleton (Crypt:3)
  7 black mambas
  16 elephants
  3 iron dragon skeletons
  9 vault sentinels
  20 cyclopes
  8 torpor snails
  5 elf zombies
  70 smoke demons
  3 fire giant skeletons
  An apocalypse crab (Abyss:3)
  2 guardian serpents
  2 dire elephant zombies
  28 orange demons
  7 rust devils
  A spiny frog (shapeshifter) (D:14)
  6 ice statues
  A titan simulacrum (Vaults:3)
  2 eyes of devastation (shapeshifter)
  2 eyes of devastation (Slime:3)
  2 gargoyles
  An emperor scorpion zombie (Abyss:3)
  27 spiny frogs
  A dire elephant skeleton (Crypt:3)
  A swamp worm zombie (Crypt:2)
  2 kobold demonologists
  6 komodo dragons
  A purple draconian zombie (Crypt:1)
  14 hellions
  A rime drake (shapeshifter) (Vaults:5)
  A black draconian zombie (Crypt:1)
  4 rime drakes
  10 efreet
  A yaktaur (shapeshifter) (Elf:3)
  38 hellwings
  38 demonic crawlers
  11 tormentors
  15 freezing wraiths
  59 yaktaurs
  A purple draconian skeleton (Crypt:2)
  5 tengu conjurers
  5 guardian mummies (Crypt:3)
  10 ice devils
  9 ancient zymes
  27 red devils
  A yaktaur skeleton (Vaults:5)
  A queen bee (Abyss:4)
  A jumping spider (shapeshifter) (Vaults:3)
  4 tyrant leeches
  16 wind drakes (Pan)
  5 meliai (Abyss:4)
  A meliai (shapeshifter) (Abyss:4)
  A polar bear (shapeshifter) (Vaults:3)
  7 trolls
  13 bog bodies
  A moth of wrath zombie (Crypt:1)
  38 jumping spiders
  25 polar bears
  A fire dragon zombie (Crypt:3)
  10 hornets
  25 raiju
  144 slime creatures
  11 hippogriffs
  2 harpy skeletons
  35 blink frogs
  2 blink frogs (shapeshifter)
  9 dream sheep
  An iron dragon simulacrum (Crypt:3)
  A hydra skeleton (Crypt:3)
  A stone giant simulacrum (Vaults:4)
  3 ettin skeletons
  2 ice dragon skeletons
  64 starcursed masses
  14 wraiths
  4 shadows
  4 air elementals
  86 redbacks
  A redback (shapeshifter) (Depths:5)
  14 water elementals
  37 tarantellas
  50 ynoxinuls
  2 fire dragon skeletons (Crypt:3)
  17 flying skulls
  5 spriggans
  4 wyverns
  A satyr skeleton (Crypt:2)
  3 fire bats (Abyss:4)
  A vampire (Abyss:3)
  7 humans
  35 yaks
  4 hogs (D:8)
  3 basilisks
  2 black mamba skeletons
  12 golden eyes
  61 chaos spawn
  2 fire elementals
  30 neqoxecs
  A hungry ghost (Abyss:3)
  9 wargs
  14 insubstantial wisps
  18 vampire mosquitoes
  A soldier ant (D:15)
  14 swamp worms
  3 spatial vortices
  An acid dragon (shapeshifter) (Vaults:5)
  2 acid dragons
  16 hell hounds
  12 porcupines
  2 floating eyes
  12 water moccasins
  3 sky beasts
  7 eyes of draining
  A black mamba simulacrum (Abyss:4)
  A slave (D:9)
  15 swamp drakes
  34 orc warriors
  12 black bears
  A merfolk skeleton (Abyss:3)
  4 phantoms
  3 ice beasts
  32 ogres
  4 boggarts (D:15)
  A swamp dragon skeleton (Pan)
  A necrophage (Crypt:1)
  16 centaurs
  A lindwurm skeleton (Crypt:1)
  54 wolves
  A snapping turtle skeleton (Crypt:3)
  9 crocodiles
  4 big kobolds
  Blork the orc (D:5)
  A hippogriff skeleton (Crypt:1)
  A bullfrog (shapeshifter) (Vaults:4)
  33 small abominations
  19 bullfrogs
  6 earth elementals
  A wyvern skeleton (D:7)
  A scorpion (shapeshifter) (Depths:2)
  2 scorpions
  5 killer bees (Abyss:4)
  A killer bee (shapeshifter) (Vaults:1)
  7 wights
  A troll skeleton (Abyss:2)
  2 howler monkeys (D:14)
  An electric eel (Spider:1)
  10 crimson imps
  6 quasits
  A bullfrog zombie (D:9)
  6 jellies
  19 orc priests
  4 hounds
  4 bullfrog skeletons
  5 centaur skeletons
  12 iron imps
  21 orc wizards
  A human skeleton (Crypt:3)
  Terence (D:3)
  5 worker ants
  A killer bee zombie (Crypt:3)
  An acid dragon skeleton (Crypt:3)
  A hound zombie (D:11)
  7 mummies (Crypt:3)
  A naga skeleton (Crypt:3)
  Robin (D:3)
  6 gnolls
  A howler monkey skeleton (Crypt:2)
  8 adders
  5 shadow imps
  4 white imps
  2 ufetubi (Abyss:2)
  An ooze (shapeshifter) (Abyss:4)
  An adder skeleton (D:9)
  3 worms
  4 ball lightnings (Pan)
  2 dart slugs
  6 leopard geckos
  88 orcs
  A ball python (D:4)
  6 giant cockroaches
  16 goblins
  9 hobgoblins
  8 jackals
  29 kobolds
  2 quokkas
  8 bats
  7 frilled lizards
  A giant cockroach zombie (D:5)
  A gnoll skeleton (Crypt:3)
  A jackal skeleton (Crypt:1)
  A leopard gecko skeleton (D:8)
  An orc zombie (Crypt:1)
  A quokka skeleton (D:6)
  A quokka zombie (D:5)
  13 rats
  4 crawling corpses (Elf:3)
  8 fire vortices
  9 fungi
  2 lurking horrors (Abyss:4)
  2 plants
  7 starspawn tentacles (Abyss:4)
4088 creatures vanquished.

Vanquished Creatures (collateral kills)
  2 orbs of fire (Zot:5)
  Mara (Vaults:4)
  The ghost of Thomus the Sorcerer, a veteran DECj of Vehumet (Depths:2)
  2 Killer Klowns (Zot:4)
  A pandemonium lord (Pan)
  A curse toe (Zot:3)
  A Hellbinder (WizLab)
  An Ice Fiend (Pan)
  2 tentacled monstrosities (Vaults:5)
  2 Hell Sentinels (Pan)
  A quicksilver dragon (Zot:5)
  5 acid blobs (Slime:5)
  A storm dragon (Depths:5)
  A draconian monk (Zot:3)
  2 azure jellies (Slime:5)
  A ghost moth (Spider:4)
  The ghost of swinepaste the Fencer, a journeyman DsMo of Wu Jian (Swamp:2)
  A balrug (Pan)
  A cacodemon (Pan)
  A draconian shifter (Zot:3)
  A blood saint (Pan)
  2 very ugly things
  A purple draconian (Zot:1)
  A deep elf annihilator (Vaults:5)
  2 white draconians
  A green death (Pan)
  3 death oozes (Slime:5)
  A rakshasa (Pan)
  A hydra (Swamp:4)
  A monstrous demonspawn (Pan)
  3 sun demons (Pan)
  A sixfirhy (Pan)
  An iron troll (Depths:1)
  2 torturous demonspawn (Pan)
  An infernal demonspawn (Pan)
  5 large abominations (Pan)
  An ugly thing (Pan)
  A slime creature (Slime:5)
  A moth of wrath (Zot:3)
  An elephant (Zot:4)
  A rust devil (Pan)
  An orange demon (Pan)
  A smoke demon (Pan)
  2 demonic crawlers (Pan)
  A hellwing (Pan)
  2 tormentors (Pan)
  4 red devils
  A redback (Spider:4)
  A ynoxinul (Pan)
  2 chaos spawn (Pan)
  3 neqoxecs (Pan)
  A hound (shapeshifter) (Vaults:5)
80 creatures vanquished.

Vanquished Creatures (others)
  A pandemonium lord (D:7)
  An electric golem (Zot:5)
  A draconian scorcher (Zot:5)
  2 draconian stormcallers
  A draconian annihilator (Pan)
  A blizzard demon (Pan)
  A deep elf high priest (Elf:3)
  A thrashing horror (Abyss:4)
  A sixfirhy (Pan)
  A spriggan druid (Swamp:4)
  A torturous demonspawn (Pan)
  A wizard (Pan)
  A deep elf mage (Elf:1)
  A smoke demon (Pan)
  A ynoxinul (Pan)
  A spriggan (Swamp:4)
  A chaos spawn (Pan)
  A neqoxec (Abyss:4)
  An ice beast (Abyss:4)
  A swamp drake (Swamp:4)
  An ogre (Vaults:4)
  An eye of draining (Abyss:3)
  A wolf (IceCv)
  2 small abominations
  2 killer bees (Abyss:4)
  A hound skeleton (D:9)
  A worm (D:3)
  2 ball lightnings (Pan)
  A bush (Swamp:4)
  2 demonic plants (Pan)
  2 fire vortices
  19 fungi
  2 lurking horrors
  18 plants
  2 starspawn tentacles (Abyss:4)
78 creatures vanquished.

Grand Total: 4246 creatures vanquished

Notes
Turn   | Place    | Note
-------+----------+-------------------------------------------
     0 | D:1      | AlexTheUnready the Hill Orc Gladiator began the quest for
                  | the Orb.
     0 | D:1      | Reached XP level 1. HP: 18/18 MP: 1/1
   224 | D:1      | Reached XP level 2. HP: 25/25 MP: 2/2
   464 | D:1      | Reached XP level 3. HP: 27/30 MP: 3/3
   526 | D:1      | Reached skill level 5 in Axes
  1723 | D:2      | Reached XP level 4. HP: 14/37 MP: 4/4
  1972 | D:2      | Reached skill level 1 in Armour
  2239 | D:3      | Noticed Robin
  2475 | D:3      | Reached XP level 5. HP: 11/45 MP: 5/5
  2476 | D:3      | Killed Robin
  3122 | D:3      | Found a radiant altar of Vehumet.
  3127 | D:3      | Noticed Terence
  3155 | D:3      | Killed Terence
  3544 | D:4      | Reached XP level 6. HP: 51/51 MP: 6/6
  3753 | D:4      | Reached skill level 1 in Shields
  3797 | D:4      | Reached XP level 7. HP: 47/58 MP: 7/7
  4560 | D:5      | Entered Level 5 of the Dungeon
  4666 | D:5      | Noticed Blork the orc
  4676 | D:5      | Killed Blork the orc
  4799 | D:5      | Reached skill level 10 in Axes
  4799 | D:5      | Reached XP level 8. HP: 59/66 MP: 8/8
  4825 | D:5      | Found a shadowy altar of Dithmenos.
  4856 | D:5      | Found a hide-covered altar of Uskayaw.
  5062 | D:5      | HP: 3/66 [ogre/+0 giant club (23)]
  5383 | D:5      | Found a staircase to the Ecumenical Temple.
  5401 | Temple   | Entered the Ecumenical Temple
  5410 | Temple   | Became a worshipper of the Shining One
  6038 | D:5      | Reached skill level 1 in Invocations
  6662 | D:6      | Found an ornate altar of the Wu Jian Council.
  7034 | D:6      | Reached XP level 9. HP: 62/73 MP: 10/10
  7084 | D:6      | Found a white marble altar of Elyvilon.
  7267 | D:7      | Reached skill level 5 in Fighting
  7490 | D:7      | Found Bugal's Distillery.
  7498 | D:7      | Bought a potion of lignification for 45 gold pieces
  7498 | D:7      | Bought a potion of brilliance for 60 gold pieces
  7498 | D:7      | Bought a potion of haste for 150 gold pieces
  7498 | D:7      | Bought a potion of curing for 45 gold pieces
  7917 | D:7      | Found a blossoming altar of Fedhas.
  8077 | D:8      | Reached * piety under the Shining One
  8134 | D:8      | Reached skill level 5 in Armour
  8767 | D:8      | Reached XP level 10. HP: 73/83 MP: 13/13
  8984 | D:8      | Found a sparkling altar of Nemelex Xobeh.
  8984 | D:8      | Found an iron altar of Okawaru.
  9146 | D:8      | Reached skill level 5 in Invocations
  9491 | D:9      | Reached ** piety under the Shining One
  9508 | D:9      | Found a staircase to the Orcish Mines.
  9713 | D:9      | Noticed Pikel
  9743 | D:9      | Killed Pikel
  9902 | D:9      | Found a bloodstained altar of Trog.
 10101 | D:9      | Reached skill level 15 in Axes
 10102 | D:9      | Found an opulent altar of Gozag.
 10528 | D:10     | Entered Level 10 of the Dungeon
 10889 | D:10     | Found Irukhlus's Gadget Boutique.
 10899 | D:10     | Found a staircase to the Lair.
 11187 | D:10     | Found a large runed translucent door.
 11188 | D:10     | Found a large runed translucent door.
 11190 | D:10     | Noticed Thomus's ghost (journeyman HOFi)
 11209 | D:10     | Noticed a two-headed ogre
 11220 | D:10     | Killed a two-headed ogre
 11291 | D:10     | Noticed an orange crystal statue
 11741 | Lair:1   | Entered Level 1 of the Lair of Beasts
 11789 | D:10     | Reached XP level 11. HP: 52/92 MP: 15/15
 13963 | Lair:2   | Reached *** piety under the Shining One
 14299 | Lair:2   | Found a staircase to the Swamp.
 14301 | Lair:2   | Noticed a seven-headed hydra
 14364 | Lair:2   | HP: 3/94 [seven-headed hydra (7)]
 14382 | Lair:2   | HP: 1/94 [seven-headed hydra (6)]
 14757 | Orc:1    | Entered Level 1 of the Orcish Mines
 14905 | Orc:1    | Noticed an orc sorcerer
 15145 | Orc:1    | Noticed a soul eater
 15152 | Orc:1    | Killed an orc sorcerer
 15493 | Orc:1    | Found a roughly hewn altar of Beogh.
 15564 | Orc:1    | Noticed a cyclops
 15572 | Orc:1    | Killed a cyclops
 15572 | Orc:1    | Reached XP level 12. HP: 61/103 MP: 18/18
 15889 | Orc:2    | Entered Level 2 of the Orcish Mines
 16332 | Orc:2    | Found Pivochysk's General Store.
 16420 | Orc:2    | Noticed an ettin
 16475 | Orc:2    | Found Daewal's Jewellery Emporium.
 16476 | Orc:2    | Noticed a stone giant
 16849 | D:11     | Reached **** piety under the Shining One
 17146 | D:11     | You fall into a shaft and drop 2 floors!
 17996 | D:11     | Identified a scroll of acquirement
 17998 | D:11     | Acquired the +0 helmet of the Game of Life {rC+ Str+2}
 18342 | D:12     | Noticed a two-headed ogre
 18354 | D:12     | Killed a two-headed ogre
 18887 | D:12     | Found a stormy altar of Qazlal.
 19817 | D:13     | Reached skill level 10 in Fighting
 20549 | Lair:2   | Killed a four-headed hydra
 20549 | Lair:2   | Reached skill level 10 in Armour
 20549 | Lair:2   | Reached skill level 10 in Invocations
 20549 | Lair:2   | Reached XP level 13. HP: 71/113 MP: 20/20
 20843 | Lair:3   | Found a transporter.
 20873 | Lair:3   | Noticed a rakshasa
 20935 | Lair:3   | Found a transporter.
 20944 | Lair:3   | Noticed Naozyurph's ghost (journeyman FeWn)
 20962 | Lair:3   | Found a one-way gate to the infinite horrors of the Abyss.
 21225 | Lair:3   | Found a hole to the Spider Nest.
 21307 | Lair:3   | Noticed Fannar
 21314 | Lair:3   | Killed Fannar
 22050 | Lair:4   | Found a transporter.
 22054 | Lair:4   | Reached ***** piety under the Shining One
 22055 | Lair:4   | Found a transporter.
 22064 | Lair:4   | Noticed AlexTheUnready's ghost (journeyman NaVM)
 23727 | Lair:5   | Found a staircase to the Slime Pits.
 23913 | Lair:5   | Reached skill level 5 in Throwing
 24439 | Lair:6   | Entered Level 6 of the Lair of Beasts
 24492 | Lair:6   | Reached XP level 14. HP: 109/127 MP: 22/22
 27341 | Orc:2    | Bought a scroll of identify for 36 gold pieces
 27341 | Orc:2    | Bought the +2 hat of the Bear Spirit {Spirit, +Rage rN+
                  | MR++} for 703 gold pieces
 27341 | Orc:2    | Found the +2 hat of the Bear Spirit {Spirit, +Rage rN+
                  | MR++}
 27341 | Orc:2    | Bought a scroll of identify for 36 gold pieces
 27341 | Orc:2    | Bought a potion of mutation for 144 gold pieces
 27341 | Orc:2    | Bought a scroll of vulnerability for 135 gold pieces
 27616 | Orc:2    | Found Xeux's Antique Armour Shop.
 27768 | Orc:2    | Bought a glowing kite shield for 262 gold pieces
 27837 | Orc:2    | Killed a stone giant
 27837 | Orc:2    | Reached XP level 15. HP: 138/139 MP: 22/24
 28049 | Orc:2    | Found Dakosk Ogoo's Antique Weapon Emporium.
 28161 | Orc:2    | Reached skill level 15 in Fighting
 28446 | Orc:2    | Found Tufig's Jewellery Shop.
 28494 | Orc:2    | Reached skill level 5 in Shields
 28658 | Orc:2    | Found a staircase to the Elven Halls.
 28859 | Swamp:1  | Entered Level 1 of the Swamp
 28868 | Swamp:1  | Reached ****** piety under the Shining One
 29196 | D:14     | Noticed Rupert
 29206 | D:14     | Killed Rupert
 29311 | D:14     | Found a frozen archway.
 29341 | IceCv    | Entered an ice cave
 30308 | D:14     | Reached XP level 16. HP: 128/151 MP: 20/26
 30378 | D:14     | Found a gate to the Vaults.
 31119 | D:15     | Entered Level 15 of the Dungeon
 31468 | D:15     | Found a staircase to the Depths.
 31522 | D:15     | Noticed Josephine
 31532 | D:15     | Killed Josephine
 32032 | Lair:4   | Killed AlexTheUnready's ghost
 32060 | Lair:4   | Got a smoking gossamer ring
 32080 | Lair:4   | Identified the ring of Hep Ysa {rF+ Dex+3 SInv} (You found
                  | it on level 4 of the Lair of Beasts)
 32232 | Swamp:1  | Reached skill level 15 in Armour
 33227 | Swamp:2  | Found a large runed translucent door.
 33228 | Swamp:2  | Found a large runed translucent door.
 33442 | Swamp:2  | Noticed swinepaste's ghost (journeyman DsMo)
 33633 | Swamp:2  | Killed swinepaste's ghost
 33799 | Swamp:3  | Reached skill level 15 in Invocations
 33903 | Swamp:3  | Identified Roxanne's Handbook of Shape Shifting
 33903 | Swamp:3  | Noticed Roxanne
 33929 | Swamp:3  | Killed Roxanne
 34972 | Swamp:4  | Entered Level 4 of the Swamp
 34991 | Swamp:4  | Reached XP level 17. HP: 136/162 MP: 25/28
 36110 | Swamp:4  | Reached skill level 10 in Shields
 36318 | Swamp:4  | Noticed the 27-headed Lernaean hydra
 36470 | Spider:1 | Entered Level 1 of the Spider Nest
 38102 | Spider:2 | Found a transporter.
 39575 | Spider:3 | Reached XP level 18. HP: 109/173 MP: 21/30
 39865 | Spider:3 | Acquired 500 gold pieces
 40612 | Spider:3 | Got a buzzing scale mail
 40613 | Spider:3 | Identified the +2 scale mail "Liqo" {*Slow rF+ Str+6} (You
                  | found it on level 3 of the Spider Nest)
 40633 | Spider:4 | Entered Level 4 of the Spider Nest
 42412 | Spider:4 | Got a gossamer rune of Zot
 42912 | Swamp:4  | Killed the 24-headed Lernaean hydra
 42989 | Swamp:4  | Got a decaying rune of Zot
 43393 | Spider:2 | Found a transporter.
 44120 | Spider:2 | Got a scorched wooden ring
 44135 | Spider:2 | Got a wavering silver ring
 44203 | Spider:2 | Identified the ring "Hunlum Ijil" {rElec rPois Str-4 Dex-5
                  | Stlth+} (You found it on level 2 of the Spider Nest)
 44206 | Spider:2 | Identified the ring "Rokorest" {+Blink MR+ Int+3} (You
                  | found it on level 2 of the Spider Nest)
 44575 | Lair:3   | Killed Naozyurph's ghost
 44809 | Vaults:1 | Entered Level 1 of the Vaults
 44992 | Vaults:1 | Reached XP level 19. HP: 159/183 MP: 26/31
 48272 | Vaults:2 | Noticed a bone dragon
 48273 | Vaults:2 | Found a staircase to the Crypt.
 48290 | Vaults:2 | Killed a bone dragon
 48395 | Vaults:2 | Reached XP level 20. HP: 188/195 MP: 33/33
 48911 | Vaults:2 | Reached skill level 15 in Shields
 51125 | Vaults:3 | Found Gusm's General Store.
 51553 | Vaults:4 | Reached XP level 21. HP: 203/207 MP: 31/34
 52083 | Vaults:4 | Found Ogavikk's Gadget Shoppe.
 52381 | Vaults:4 | Found Houbbe's Antique Weapon Shop.
 52454 | Vaults:4 | Noticed Bai Suzhen
 52484 | Vaults:4 | Killed Bai Suzhen
 52891 | Vaults:4 | Found Ugant's Assorted Antiques.
 52896 | Vaults:4 | Bought a translucent helmet for 380 gold pieces
 52896 | Vaults:4 | Identified the +1 helmet "Erchaacwi" {rPois rN++ MP+9
                  | Slay-6} (You bought it in a shop on level 4 of the Vaults)
 53394 | Vaults:5 | Entered Level 5 of the Vaults
 53875 | Vaults:5 | Paralysed by a floating eye for 3 turns
 53878 | Vaults:5 | Noticed Boris
 53917 | Vaults:5 | Identified the cursed -8 tower shield of Lucidity {rN+
                  | Int+4}
 54515 | Vaults:5 | Reached XP level 22. HP: 175/221 MP: 32/36
 54890 | Vaults:5 | Got a silver rune of Zot
 54988 | Vaults:5 | Noticed Mara
 54993 | Vaults:5 | Noticed AlexTheUnready's illusion
 55058 | Vaults:5 | Noticed AlexTheUnready's illusion
 55063 | Vaults:5 | Noticed Xtahua
 55616 | Vaults:5 | Identified the +3 flail "Lapnom" {vorpal, rPois}
 56325 | Elf:1    | Entered Level 1 of the Elven Halls
 57101 | Elf:1    | Identified the Guide on Unholy Rituals
 57222 | Elf:1    | Noticed Aizul
 57242 | Elf:1    | Killed Aizul
 57247 | Elf:1    | Found Gyaveaf's Antique Weapon Boutique.
 58295 | Elf:2    | Found a huge runed translucent gate.
 58297 | Elf:2    | Found a huge runed translucent gate.
 58297 | Elf:2    | Found a huge runed translucent gate.
 58298 | Elf:2    | Found a huge runed translucent gate.
 58298 | Elf:2    | Found a huge runed translucent gate.
 58729 | Elf:2    | Noticed Louise
 58749 | Elf:2    | Killed Louise
 59171 | Elf:2    | Reached XP level 23. HP: 202/232 MP: 32/37
 59561 | Depths:1 | Entered Level 1 of the Depths
 60091 | Depths:1 | Found Peytunon's Jewellery Shoppe.
 60092 | Depths:1 | Found Pelob's Gadget Boutique.
 60093 | Depths:1 | Found Kiobua's Jewellery Shoppe.
 60283 | Depths:1 | Bought the amulet "Nios" {Faith rF++ rC+ Slay+2 Stlth-} for
                  | 1884 gold pieces
 60532 | Depths:1 | Found a gateway to Hell.
 60539 | Depths:1 | Found the macabre finger necklace {rN+}
 61633 | Depths:2 | Paralysed by a floating eye for 4 turns
 61639 | Depths:2 | Paralysed by a floating eye for 4 turns
 61651 | Depths:2 | Paralysed by a floating eye for 2 turns
 61675 | Depths:2 | Identified the cursed +1 great sword "Umetzu" {venom,
                  | rElec}
 61723 | Depths:2 | Identified the ring "Imopseis" {Ice MR+ Int+3}
 61734 | Depths:2 | Noticed a juggernaut
 61746 | Depths:2 | Killed a juggernaut
 62235 | Depths:2 | Identified the cursed +1 robe of Heed {-Cast rPois Int+4}
 62308 | Depths:2 | Found a portal to a secret trove of treasure.
 62309 | Depths:2 | Found a runed translucent gate.
 62309 | Depths:2 | Found a runed translucent gate.
 62309 | Depths:2 | Found a runed translucent gate.
 62646 | Depths:2 | Found a hazy altar of Hepliaklqana.
 62666 | Depths:2 | Found Diepeqo's Gadget Shoppe.
 62884 | Depths:2 | Noticed Thomus's ghost (veteran HOFi)
 62884 | Depths:2 | Noticed Thomus's ghost (veteran DECj)
 62916 | Depths:2 | Killed Thomus's ghost
 62919 | Depths:2 | Killed Thomus's ghost
 63548 | Depths:2 | You paid a toll of +4 ice dragon scales to enter a treasure
                  | trove
 63549 | Trove    | Entered a treasure trove
 63557 | Trove    | Got a bound pewter ring
 63566 | Trove    | Got a clouded bone ring
 63574 | Trove    | Got a wavering gossamer ring
 63581 | Trove    | Got a sparkling ivory ring
 63588 | Trove    | Got a faintly glowing steel ring
 63593 | Trove    | Got a bound emerald amulet
 63598 | Trove    | Identified the ring of Icwesuru {rPois rC+ MR+} (You found
                  | it in a treasure trove)
 63599 | Trove    | Identified the ring "Gaciunu" {+Fly rC+++ rN+ Slay-2
                  | Stlth+} (You found it in a treasure trove)
 63600 | Trove    | Identified the cursed ring "Luyluum" {rElec rF- MP+9 Dex-4}
                  | (You found it in a treasure trove)
 63601 | Trove    | Identified the ring of Suicidal Tendencies {Fire *Drain
                  | Int+7} (You found it in a treasure trove)
 63602 | Trove    | Identified the ring "Caciasue" {rC+ rN++ MR+ Dex+2 Stlth-}
                  | (You found it in a treasure trove)
 63603 | Trove    | Identified the amulet "Gagac" {Spirit +Inv Int+6} (You
                  | found it in a treasure trove)
 63826 | Depths:3 | Found a one-way gate leading to the halls of Pandemonium.
 64237 | Depths:3 | Reached XP level 24. HP: 207/247 MP: 35/38
 64518 | Depths:3 | Noticed a caustic shrike
 64518 | Depths:3 | Noticed a caustic shrike
 64519 | Depths:3 | Noticed a caustic shrike
 64523 | Depths:3 | Noticed a caustic shrike
 64535 | Depths:3 | Killed a caustic shrike
 64543 | Depths:3 | Killed a caustic shrike
 64549 | Depths:3 | Killed a caustic shrike
 64560 | Depths:3 | Killed a caustic shrike
 64935 | Depths:3 | Paralysed by a floating eye for 2 turns
 64944 | Depths:3 | Reached skill level 27 in Fighting
 65764 | Depths:3 | Noticed a juggernaut
 65779 | Depths:3 | Killed a juggernaut
 65888 | Depths:3 | Noticed a caustic shrike
 65919 | Depths:3 | Noticed a caustic shrike
 65921 | Depths:3 | Noticed a caustic shrike
 65938 | Depths:3 | Killed a caustic shrike
 65954 | Depths:2 | Killed a caustic shrike
 66320 | Depths:3 | Killed a caustic shrike
 66789 | Depths:3 | Got a heavily runed lapis lazuli ring
 66794 | Depths:3 | Identified the ring of Ephemeral Luck {rElec rPois EV+4
                  | Dex+4} (You found it on level 3 of the Depths)
 67303 | Depths:4 | Reached XP level 25. HP: 239/257 MP: 36/39
 67419 | Depths:4 | Found a snail-covered altar of Cheibriados.
 68943 | Depths:5 | Entered Level 5 of the Depths
 69067 | Depths:5 | Found a gate to the Realm of Zot.
 69105 | Depths:5 | Found a flickering gateway to a bazaar.
 69123 | Bazaar   | Entered a bazaar
 69408 | Bazaar   | Found Meunn's Antique Weapon Emporium.
 69408 | Bazaar   | Found Kiusighin's Antique Armour Emporium.
 69444 | Bazaar   | Found Qoaw's General Store.
 69444 | Bazaar   | Found Jeucekoe's Food Shoppe.
 69450 | Bazaar   | Bought a scroll of enchant armour for 120 gold pieces
 69450 | Bazaar   | Bought a scroll of enchant armour for 120 gold pieces
 69450 | Bazaar   | Bought a scroll of enchant armour for 120 gold pieces
 69474 | Depths:5 | Identified the +5 tower shield of the Will of the Gods
                  | {*Corrode Int+6 Dex-4 SInv}
 69873 | Depths:5 | Acquired 4810 gold pieces
 70059 | Depths:5 | Noticed an ancient lich
 70062 | Depths:5 | Found a gateway to a ziggurat.
 70354 | Depths:5 | Killed an ancient lich
 70979 | Elf:3    | Entered Level 3 of the Elven Halls
 71990 | Elf:3    | Identified the +3 rapier of Jeytrusedduc {venom, SInv}
 71990 | Elf:3    | Identified the ring of Due Proportion {+Inv Str+4 Dex+6}
 72009 | Elf:3    | Reached XP level 26. HP: 249/266 MP: 37/40
 72075 | Elf:3    | Identified the ring "Nidwod" {rPois Str-2 Int+4 Stlth+}
 72755 | Elf:3    | Identified the amulet "Icuoliho" {Faith Slay+2}
 73701 | Elf:3    | Got a pair of faintly humming boots
 73702 | Elf:3    | Identified the cursed +0 pair of boots of the Skies Above
                  | {rF+ rN++ MR+} (You found it on level 3 of the Elven Halls)
 74205 | Vaults:5 | Noticed AlexTheUnready's illusion
 74222 | Vaults:4 | Killed Mara
 74222 | Vaults:4 | Reached skill level 27 in Invocations
 74486 | Vaults:5 | Killed Xtahua
 74639 | Vaults:5 | Identified the Grimoire of Dislocated Damage Dealing
 75184 | Vaults:5 | Identified the +6 short sword of Objectivity {flame, Str+6}
 75184 | Vaults:5 | Identified the +7 hand axe "Midygi" {vorpal, Dex+2}
 75211 | Vaults:5 | Killed Boris
 75410 | Vaults:5 | Found Ciatagic's Distillery.
 75422 | Vaults:5 | Identified the Volume of Unholy Envenoming
 75427 | Vaults:5 | Bought a potion of might for 72 gold pieces
 75427 | Vaults:5 | Bought a potion of heal wounds for 90 gold pieces
 75427 | Vaults:5 | Bought 2 potions of haste for 360 gold pieces
 75978 | Lair:1   | Identified a +9 broad axe of holy wrath (a +9 broad axe of
                  | flaming blessed by the Shining One)
 75978 | Lair:1   | Received a gift from the Shining One
 76277 | Crypt:1  | Entered Level 1 of the Crypt
 76362 | Crypt:1  | Found a magical portal.
 76400 | WizLab   | Entered The Hall of the Hellbinder
 76853 | WizLab   | Found a burning altar of Makhleb.
 76861 | WizLab   | Identified the Catalogue of the Known World
 76886 | WizLab   | Got a wavering golden ring
 76896 | WizLab   | Got a bloodstained cloak
 76900 | WizLab   | Identified the +1 cloak "Wikiusep" {MP+9} (You found it in
                  | a wizard's laboratory)
 76901 | WizLab   | Identified the ring of Siahotint {*Drain rElec rPois MR++
                  | SInv} (You found it in a wizard's laboratory)
 77015 | Crypt:1  | Noticed Saint Roka
 77037 | Crypt:1  | Killed Saint Roka
 77130 | Crypt:1  | Noticed Margery
 77143 | Crypt:1  | Killed Margery
 77879 | Crypt:2  | Reached XP level 27. HP: 273/273 MP: 40/40
 78039 | Crypt:2  | Found a runed translucent gate.
 78039 | Crypt:2  | Found a runed translucent gate.
 78039 | Crypt:2  | Found a runed translucent gate.
 78042 | Crypt:2  | Noticed Enidao's ghost (veteran GrEE)
 78699 | Crypt:2  | Killed Enidao's ghost
 78832 | Crypt:3  | Entered Level 3 of the Crypt
 79162 | Crypt:3  | Found an ancient bone altar of Kikubaaqudgha.
 79226 | Crypt:3  | Noticed an ancient lich
 79247 | Crypt:3  | Killed an ancient lich
 79591 | Crypt:3  | Found a staircase to the Tomb.
 79675 | Crypt:3  | Found a basalt altar of Yredelemnul.
 79984 | Crypt:3  | Got a wavering bronze ring
 79984 | Crypt:3  | Got an ancient wooden ring
 80177 | Crypt:3  | Identified the ring of Hitsyf {rN+ Dex+4} (You found it on
                  | level 3 of the Crypt)
 80178 | Crypt:3  | Identified the ring of Ismiol {+Blink rElec rN+ MR+ Int-4
                  | SInv} (You found it on level 3 of the Crypt)
 80613 | Zot:1    | Entered Level 1 of the Realm of Zot
 80681 | Zot:1    | Reached skill level 27 in Armour
 80990 | Lair:1   | Acquired a manual of Shields
 80995 | Lair:1   | Acquired 750 gold pieces
 81372 | Zot:1    | Identified the +5 great sword "Erchiv" {vorpal, rF- rC++
                  | Str+3 Int+3}
 81995 | Zot:1    | Identified the +4 dragonskin cloak
 81995 | Zot:1    | Noticed Tiamat
 82042 | Zot:1    | Killed Tiamat
 82980 | Zot:1    | Noticed an ancient lich
 82995 | Zot:1    | Killed an ancient lich
 83056 | Zot:1    | Found a stormy altar of Qazlal.
 83244 | Zot:1    | Got a jewelled plate armour
 83245 | Zot:1    | Identified the +1 plate armour "Guruf" {Dex+4} (You found
                  | it on level 1 of the Realm of Zot)
 84587 | Zot:3    | Found a transporter.
 85405 | Zot:3    | Found a transporter.
 86003 | Zot:4    | Noticed an orb of fire
 86007 | Zot:4    | Gained mutation: Scrolls take you a little longer to read.
                  | [an orb of fire]
 86021 | Zot:4    | Killed an orb of fire
 86378 | Zot:4    | Noticed an orb of fire
 86381 | Zot:4    | Gained mutation: Your body sometimes deteriorates upon
                  | taking damage. [an orb of fire]
 86383 | Zot:4    | Gained mutation: Potions are less effective at restoring
                  | your health. [an orb of fire]
 86391 | Zot:4    | Gained mutation: You are clumsy. (Dex -2) [an orb of fire]
 86392 | Zot:4    | Killed an orb of fire
 86711 | Zot:5    | Entered Level 5 of the Realm of Zot
 86748 | Zot:5    | Noticed an orb of fire
 86760 | Zot:5    | Killed an orb of fire
 86955 | Zot:5    | Reached skill level 10 in Throwing
 87939 | Zot:3    | Gained mutation: Potions are poor at restoring your health.
                  | [a cacodemon]
 88119 | Zot:3    | Got a fine silver ring
 88133 | Zot:3    | Got a serpentine brass ring
 88167 | Zot:3    | Identified the ring of Ricol {rC- Str+4 Dex+4 Stlth-} (You
                  | found it on level 3 of the Realm of Zot)
 88170 | Zot:3    | Identified the ring of Xavvoplo {*Contam +Blink EV+4 Int+2
                  | Dex+2} (You found it on level 3 of the Realm of Zot)
 88176 | Zot:3    | Identified the cursed +2 longbow "Visy" {flame, rPois rF-
                  | Str+2 Stlth+} (You found it on level 3 of the Realm of Zot)
 88177 | Zot:3    | Lost mutation: Your body sometimes deteriorates upon taking
                  | damage. [potion of mutation]
 88177 | Zot:3    | Lost mutation: Scrolls take you a little longer to read.
                  | [potion of mutation]
 88177 | Zot:3    | Gained mutation: You have a pair of small horns on your
                  | head. [potion of mutation]
 88177 | Zot:3    | Gained mutation: You evolve. [potion of mutation]
 88177 | Zot:3    | Lost mutation: You are clumsy. (Dex -2) [potion of
                  | mutation]
 88611 | Slime:1  | Entered Level 1 of the Pits of Slime
 89193 | Slime:2  | Gained mutation: Scrolls take you a little longer to read.
                  | [a shining eye]
 89401 | Slime:3  | Gained mutation: You are weak. (Str -2) [evolution]
 89498 | Slime:4  | Reached skill level 15 in Throwing
 89500 | Slime:4  | Gained mutation: You tend to lose your temper in combat. [a
                  | shining eye]
 89891 | Lair:1   | Lost mutation: You are weak. (Str -2) [potion of mutation]
 89891 | Lair:1   | Lost mutation: You tend to lose your temper in combat.
                  | [potion of mutation]
 89891 | Lair:1   | Lost mutation: Scrolls take you a little longer to read.
                  | [potion of mutation]
 89891 | Lair:1   | Lost mutation: You have a pair of small horns on your head.
                  | [potion of mutation]
 89891 | Lair:1   | Gained mutation: Your natural rate of healing is unusually
                  | fast. [potion of mutation]
 89891 | Lair:1   | Gained mutation: You have sharp toenails. [potion of
                  | mutation]
 90049 | Slime:5  | Entered Level 5 of the Pits of Slime
 90305 | Slime:5  | Noticed the Royal Jelly
 90656 | Slime:5  | Found a viscous altar of Jiyva.
 90827 | Slime:5  | Killed the Royal Jelly
 90999 | Slime:5  | Got a slimy rune of Zot
 91035 | Slime:5  | Gained mutation: Your body sometimes deteriorates upon
                  | taking damage. [a shining eye]
 91380 | Lair:3   | Voluntarily entered the Abyss.
 91382 | Abyss:1  | Found a corrupted altar of Lugonu.
 91985 | Abyss:2  | Found a corrupted altar of Lugonu.
 92534 | Abyss:3  | Paralysed by accursed screaming for 1 turns
 92601 | Abyss:3  | Gained mutation: You are weak. (Str -2) [a neqoxec]
 92871 | Abyss:3  | Paralysed by you for 3 turns
 92918 | Abyss:3  | Paralysed by accursed screaming for 1 turns
 93861 | Abyss:4  | Paralysed by accursed screaming for 1 turns
 93975 | Abyss:4  | Noticed an ancient lich
 93981 | Abyss:4  | Killed an ancient lich
 94115 | Abyss:4  | Gained mutation: Your magical capacity is low. (-10% MP) [a
                  | cacodemon]
 94116 | Abyss:4  | Paralysed by accursed screaming for 1 turns
 94129 | Abyss:4  | Paralysed by accursed screaming for 1 turns
 94337 | Abyss:4  | Got an abyssal rune of Zot
 94479 | Lair:3   | Escaped the Abyss
 94914 | Pan      | Entered Pandemonium
 95128 | Pan      | Found an exit through the horrors of the Abyss.
 95437 | Pan      | Gained mutation: You have a pair of small horns on your
                  | head. [evolution]
 95946 | Pan      | Noticed Reong the pandemonium lord
 95965 | Pan      | Killed Reong the pandemonium lord
 96414 | Pan      | Found an exit through the horrors of the Abyss.
 96463 | Pan      | Gained mutation: You are dopey. (Int -2) [a cacodemon]
 96755 | Pan      | Noticed Telecekki the pandemonium lord
 96766 | Pan      | Killed Telecekki the pandemonium lord
 97531 | Pan      | Noticed Uhituch the pandemonium lord
 97847 | Pan      | Killed Uhituch the pandemonium lord
 98171 | Pan      | Entered the realm of Lom Lobon.
 98972 | Pan      | Noticed Lom Lobon
 99323 | Pan      | Killed Lom Lobon
 99331 | Pan      | Got a magical rune of Zot
 99958 | Pan      | Noticed Vohas the pandemonium lord
100153 | Pan      | Killed Vohas the pandemonium lord
100226 | Pan      | Lost mutation: Your magical capacity is low. (-10% MP)
                  | [evolution]
100261 | Pan      | Found an exit through the horrors of the Abyss.
100977 | Pan      | Gained mutation: You are clumsy. (Dex -2) [a cacodemon]
100980 | Pan      | Noticed Loerphot the pandemonium lord
100986 | Pan      | Lost mutation: You are clumsy. (Dex -2) [potion of
                  | mutation]
100986 | Pan      | Lost mutation: You have a pair of small horns on your head.
                  | [potion of mutation]
100986 | Pan      | Lost mutation: You are weak. (Str -2) [potion of mutation]
100986 | Pan      | Gained mutation: You are frail. (-10% HP) [potion of
                  | mutation]
100986 | Pan      | Lost mutation: You are frail. (-10% HP) [potion of
                  | mutation]
100987 | Pan      | Lost mutation: You are dopey. (Int -2) [potion of mutation]
100987 | Pan      | Lost mutation: You have sharp toenails. [potion of
                  | mutation]
100987 | Pan      | Gained mutation: You are resistant to hostile enchantments.
                  | (MR+) [potion of mutation]
100987 | Pan      | Gained mutation: Your mind is acute. (Int +2) [potion of
                  | mutation]
100996 | Pan      | Killed Loerphot the pandemonium lord
101009 | Pan      | Lost mutation: Your mind is acute. (Int +2) [potion of
                  | mutation]
101009 | Pan      | Lost mutation: Potions are poor at restoring your health.
                  | [potion of mutation]
101009 | Pan      | Gained mutation: You have large cloven feet. [potion of
                  | mutation]
101009 | Pan      | Gained mutation: Scrolls take you a little longer to read.
                  | [potion of mutation]
101009 | Pan      | Gained mutation: You are weak. (Str -2) [potion of
                  | mutation]
101009 | Pan      | Gained mutation: You expend magic power (3 MP) to
                  | strengthen your wands. [potion of mutation]
101010 | Pan      | Lost mutation: Potions are less effective at restoring your
                  | health. [potion of mutation]
101010 | Pan      | Lost mutation: You have large cloven feet. [potion of
                  | mutation]
101010 | Pan      | Lost mutation: Scrolls take you a little longer to read.
                  | [potion of mutation]
101010 | Pan      | Gained mutation: Your flesh is cold resistant. (rC+)
                  | [potion of mutation]
101010 | Pan      | Lost mutation: You are resistant to hostile enchantments.
                  | (MR+) [potion of mutation]
101010 | Pan      | Gained mutation: You have large cloven feet. [potion of
                  | mutation]
101129 | Pan      | Gained mutation: You are extremely frail. (-30% HP) [a
                  | cacodemon]
101334 | Pan      | Got a demonic rune of Zot
101367 | Pan      | Identified the cursed -8 tower shield of Tuqioblocuo {rCorr
                  | Int+3}
101367 | Pan      | Noticed Mennas
101393 | Pan      | Killed Mennas
102507 | Pan      | Gained mutation: You tend to lose your temper in combat. [a
                  | cacodemon]
102536 | Pan      | Entered the realm of Gloorx Vloq.
103300 | Pan      | Noticed Gloorx Vloq
103315 | Pan      | HP: 8/245 [Executioner[Gloorx Vloq] (14)]
103321 | Pan      | Killed Gloorx Vloq
103543 | Pan      | Got a dark rune of Zot
103750 | Pan      | Noticed Peyd the pandemonium lord
103759 | Pan      | Reached skill level 27 in Throwing
103763 | Pan      | Paralysed by Peyd for 5 turns
103771 | Pan      | Reached skill level 1 in Evocations
103776 | Pan      | Killed Peyd the pandemonium lord
104039 | Pan      | Identified the +8 dagger of Kismet {vorpal, Dex+4}
104254 | Pan      | Gained mutation: You are dopey. (Int -2) [a neqoxec]
104438 | Pan      | Reached skill level 5 in Evocations
105268 | Pan      | Noticed Ihuddo the pandemonium lord
105275 | Pan      | Killed Ihuddo the pandemonium lord
105347 | Pan      | Reached skill level 10 in Evocations
105439 | Pan      | Cast into level 2 of the Abyss (chaos spawn)
105518 | Pan      | Escaped the Abyss
106330 | Pan      | Identified Rites and Rhymes for Neophytes
106391 | Pan      | Noticed Ecsimp the pandemonium lord
106405 | Pan      | Killed Ecsimp the pandemonium lord
106744 | Pan      | Entered the realm of Cerebov.
106977 | Pan      | Acquired 5 rations
107087 | Pan      | Identified the +6 eveningstar of Ufung {flame, rPois Dex+6}
107514 | Pan      | Identified the +9 glaive of Dominance {flame, *Contam
                  | Int+8}
107514 | Pan      | Identified the ring of Qaqeuq {rF+ Int+4}
107520 | Pan      | Identified the +3 plate armour "Hilic" {*Drain rC++}
107523 | Pan      | Identified the +4 ring mail of Kip Noacri {rPois Dex+3}
107635 | Pan      | Identified the +6 sword of Cerebov {flame}
107635 | Pan      | Noticed Cerebov
107929 | Pan      | Gained mutation: Your spells are a little easier to cast,
                  | but a little less powerful. [a cacodemon]
107930 | Pan      | Killed Cerebov
107930 | Pan      | Reached skill level 15 in Evocations
108041 | Pan      | Got a glittering wooden ring
108104 | Pan      | Identified the Volume of Stolen Souls
108107 | Pan      | Identified the Almanac of the Unstable Oath
108155 | Pan      | Got a fiery rune of Zot
108308 | Pan      | Lost mutation: Your body sometimes deteriorates upon taking
                  | damage. [potion of mutation]
108308 | Pan      | Lost mutation: You have large cloven feet. [potion of
                  | mutation]
108308 | Pan      | Gained mutation: You are agile. (Dex +2) [potion of
                  | mutation]
108308 | Pan      | Lost mutation: You tend to lose your temper in combat.
                  | [potion of mutation]
108308 | Pan      | Gained mutation: You occasionally shout uncontrollably at
                  | your foes. [potion of mutation]
108308 | Pan      | Gained mutation: Your flesh is heat resistant. (rF+)
                  | [potion of mutation]
108309 | Pan      | Identified the ring "Afotacs" {*Slow rPois MR+ Str+3 Int+5}
                  | (You found it in Pandemonium)
108410 | Pan      | Found an exit through the horrors of the Abyss.
108515 | Pan      | Noticed Jugub the pandemonium lord
108543 | Pan      | Killed Jugub the pandemonium lord
109158 | Pan      | Found an exit through the horrors of the Abyss.
109168 | Pan      | Noticed Somib the pandemonium lord
109180 | Pan      | Killed Somib the pandemonium lord
109240 | Pan      | Identified the Almanac of Evil and Battle Magic
109882 | Pan      | Entered the realm of Mnoleg.
109882 | Pan      | Noticed Mnoleg
109901 | Pan      | Killed Mnoleg
109933 | Pan      | Got a glowing rune of Zot
110101 | Pan      | Gained mutation: Armour fits poorly on your strangely
                  | shaped body. [a neqoxec]
110278 | Pan      | Lost mutation: You are agile. (Dex +2) [a cacodemon]
110282 | Pan      | Lost mutation: You are frail. (-10% HP) [potion of
                  | mutation]
110282 | Pan      | Lost mutation: You are dopey. (Int -2) [potion of mutation]
110282 | Pan      | Lost mutation: Your spells are a little easier to cast, but
                  | a little less powerful. [potion of mutation]
110282 | Pan      | Lost mutation: You are weak. (Str -2) [potion of mutation]
110282 | Pan      | Gained mutation: You can translocate small distances at
                  | will. [potion of mutation]
110282 | Pan      | Gained mutation: You are surrounded by a mild repulsion
                  | field. (EV +2) [potion of mutation]
110430 | Pan      | Found an exit through the horrors of the Abyss.
110675 | Pan      | Noticed Osiage the pandemonium lord
110686 | Pan      | Paralysed by a floating eye for 2 turns
110693 | Pan      | Killed Osiage the pandemonium lord
110844 | Pan      | Identified Sif Muna's Papyrus of Augmentations and Clay
111237 | Pan      | Gained mutation: You are dopey. (Int -2) [a neqoxec]
111249 | Pan      | Noticed Kits the pandemonium lord
111259 | Pan      | Killed Kits the pandemonium lord
111430 | Pan      | Found an exit through the horrors of the Abyss.
111515 | Pan      | Gained mutation: Potions are less effective at restoring
                  | your health. [a neqoxec]
111517 | Pan      | Gained mutation: You are weak. (Str -2) [a neqoxec]
111518 | Pan      | Gained mutation: Scrolls take you a little longer to read.
                  | [a neqoxec]
111519 | Pan      | Gained mutation: You are frail. (-10% HP) [a neqoxec]
111543 | Pan      | Identified the Guide on the Virous Frostbite
111904 | Depths:3 | Escaped Pandemonium
112288 | Zot:5    | Noticed an orb of fire
112296 | Zot:5    | Gained mutation: Potions are poor at restoring your health.
                  | [an orb of fire]
112304 | Zot:5    | Killed an orb of fire
112359 | Zot:5    | Lost mutation: Your natural rate of healing is unusually
                  | fast. [potion of mutation]
112359 | Zot:5    | Lost mutation: You are dopey. (Int -2) [potion of mutation]
112359 | Zot:5    | Lost mutation: Scrolls take you a little longer to read.
                  | [potion of mutation]
112359 | Zot:5    | Gained mutation: You are partially covered in yellow
                  | scales. (AC +2) [potion of mutation]
112360 | Zot:5    | Lost mutation: You are weak. (Str -2) [potion of mutation]
112360 | Zot:5    | Lost mutation: You occasionally shout uncontrollably at
                  | your foes. [potion of mutation]
112360 | Zot:5    | Lost mutation: Armour fits poorly on your strangely shaped
                  | body. [potion of mutation]
112360 | Zot:5    | Lost mutation: Your flesh is cold resistant. (rC+) [potion
                  | of mutation]
112360 | Zot:5    | Lost mutation: Your flesh is heat resistant. (rF+) [potion
                  | of mutation]
112360 | Zot:5    | Gained mutation: You are agile. (Dex +2) [potion of
                  | mutation]
112360 | Zot:5    | Gained mutation: You possess an exceptional clarity of
                  | mind. [potion of mutation]
112385 | Zot:5    | Noticed an orb of fire
112394 | Zot:5    | Lost mutation: You are agile. (Dex +2) [an orb of fire]
112402 | Zot:5    | Killed an orb of fire
112418 | Zot:5    | Noticed an orb of fire
112419 | Zot:5    | Gained mutation: You have an increased reservoir of magic.
                  | (+10% MP) [an orb of fire]
112427 | Zot:5    | Gained mutation: You are clumsy. (Dex -2) [an orb of fire]
112431 | Zot:5    | Gained mutation: Scrolls take you a little longer to read.
                  | [an orb of fire]
112436 | Zot:5    | Killed an orb of fire
112440 | Zot:5    | Noticed an ancient lich
112444 | Zot:5    | Killed an ancient lich
112446 | Zot:5    | Noticed an ancient lich
112462 | Zot:5    | Killed an ancient lich
112488 | Zot:5    | Lost mutation: Scrolls take you a little longer to read.
                  | [potion of mutation]
112488 | Zot:5    | Lost mutation: You are frail. (-10% HP) [potion of
                  | mutation]
112488 | Zot:5    | Gained mutation: Your spells are a little easier to cast,
                  | but a little less powerful. [potion of mutation]
112488 | Zot:5    | Gained mutation: You have a pair of small horns on your
                  | head. [potion of mutation]
112821 | Zot:5    | Noticed an ancient lich
112827 | Zot:5    | Noticed an orb of fire
112829 | Zot:5    | Noticed an ancient lich
112844 | Zot:5    | Killed an ancient lich
112845 | Zot:5    | Lost mutation: You possess an exceptional clarity of mind.
                  | [an orb of fire]
112846 | Zot:5    | Gained mutation: Armour fits poorly on your strangely
                  | shaped body. [an orb of fire]
112848 | Zot:5    | Killed an ancient lich
112853 | Zot:5    | Noticed an ancient lich
112856 | Zot:5    | Killed an orb of fire
112862 | Zot:5    | Killed an ancient lich
112865 | Zot:5    | Noticed an orb of fire
112870 | Zot:5    | Gained mutation: You are very clumsy. (Dex -4) [an orb of
                  | fire]
112884 | Zot:5    | Killed an orb of fire
112974 | Zot:5    | Got the Orb of Zot
113466 | D:7      | Noticed Ojobor the pandemonium lord
113476 | D:7      | Killed Ojobor the pandemonium lord
113646 | D:$      | Escaped with the Orb!

Illustrated notes

Levels and vault maps discovered:
D:1:      dpeg_arrival_arbitrary_c, layout_basic, minmay_tromino_v7
D:2:      layout_rooms, minmay_crystal_water, kennysheep_generic_room_9
D:3:      layout_rooms, fiery_altar_vehumet, minmay_ruptured, uniq_terence,
          uniq_robin
D:4:      layout_basic
D:5:      layout_basic, eat_drink_and_be_merry_uskayaw, marbit_many_paths,
          minmay_temple_entry_ruins, cheibrodos_sewer_entry_bend, first_ration,
          minmay_misc_feat_square, uniq_blork_the_orc
D:6:      layout_loops_ring, elyvilon_altar_5, nicolae_overflow_crystal_walls
D:7:      layout_loops_ring, kennysheep_mini_moat, serial_shops,
          nicolae_shop_crystal
D:8:      layout_loops_ring, nicolae_overflow_hidden_temple, grunt_livestock
D:9:      layout_long_grid, lemuel_round_altar, orc_0_dummy, serial_park_tiny_2,
          lemuel_tele_altar, uniq_pikel
D:10:     layout_layer_cave, lair_entry_dummy, ebering_ghost_disaster_area,
          serial_shops, shop, minivault_15, serial_bayou_pond_e
D:11:     layout_basic
D:12:     layout_basic, nicolae_qazlal_style_of_elements
D:13:     layout_basic
D:14:     layout_loops_ring, skrybe_vaults_entry_preservation,
          portal_ice_cave_entry_pillars_2, uniq_rupert
D:15:     hangedman_depths_entry_civil_slaughter, layout_cave_pools,
          kennysheep_flooded_box, uniq_josephine
Temple:   hc_temple_tempest_star
Lair:1:   layout_roguey
Lair:2:   layout_cave_pods, swamp_mist_pool, st_stairs_11,
          infiniplex_staircase_pool_2
Lair:3:   layout_small_grid, nicolae_spider_entry_tight_spaces,
          gammafunk_ghost_abyssal_escape, grunt_megastairs_2, uniq_fannar
Lair:4:   layout_layer_cave, gammafunk_ghost_berserking_beasts,
          fungi_pond_lemuel
Lair:5:   layout_regular_city, dpeg_slime_entry_corner, grunt_megastairs_1,
          minmay_lair_oklob_chamber
Lair:6:   hangedman_lair_in_review, layout_small_grid,
          hangedman_lair_caniforms_friends, chequers_serial_rivers_micro_c,
          grunt_forest_small_clearing_treed, lemuel_fruit_tree
Swamp:1:  layout_basic_swamp, evilmike_swamp_ruin_house_2
Swamp:2:  layout_basic_swamp, ebering_ghost_disaster_area,
          evilmike_swamp_ruin_house_1
Swamp:3:  layout_falls_marsh, nicolae_swamp_trees_clearing, swamp_pool5,
          uniq_roxanne
Swamp:4:  grunt_swamp_rune_castle, layout_basic_swamp
Spider:1: layout_spider_delve, drop_trap
Spider:2: gammafunk_its_a_trap, einodemon_crawler_minivault
Spider:3: layout_spider_delve
Spider:4: grunt_spider_rune_circles, drop_trap
Slime:1:  layout_caves
Slime:2:  layout_caves
Slime:3:  layout_caves
Slime:4:  layout_caves
Slime:5
Orc:1:    layout_caves, mines1_david
Orc:2:    grunt_orc_gardens, layout_caves, grunt_orc_garden, grunt_orc_garden,
          grunt_orc_garden, grunt_orc_garden, serial_shops, shop,
          guppyfry_orc_lava_fort
Elf:1:    layout_loops_cross, serial_shops, shop, minmay_elf_necromancy,
          uniq_aizul
Elf:2:    layout_loops_corners, uniq_louise
Elf:3:    grunt_elf_hall_asides, layout_geoelf_diagonals, minivault_28
Vaults:1: nicolae_vaults_statue_guard, v_misc_32, grunt_vaults_trifunnel,
          vaults_room_ringed_pool, nicolae_vaults_little_squares_4, v_misc_18,
          hangedman_vaults_capsules, ontoclasm_vaults_chip,
          dpeg_vaults_monster_box, layout_vaults_chaotic_city
Vaults:2: minmay_crypt_entry_nasty_monster, v_misc_31, v_alt_pattern_2,
          nicolae_vaults_diagonal_hallway_9, v_misc_1,
          nicolae_vaults_circle_grid_b, nicolae_vaults_network_s,
          vaults_dpeg_cross, st_lattice, vaults_room_hallway, vaults_room_pool,
          nicolae_vaults_yaktaur_gun_rack, layout_vaults_omnicross
Vaults:3: hangedman_vaults_stagger, v_misc_4, v_misc_14,
          nicolae_vaults_ninety_degrees, nicolae_vaults_rhombus_7,
          nicolae_vaults_murderbox, v_pattern_4, v_rooms_5, v_alt_pattern_3,
          vaults_dpeg_ring, ontoclasm_vaults_gateway, vaults_room_fours,
          layout_vaults_omnigrid, serial_shops, nicolae_shop_waterfront
Vaults:4: ontoclasm_vaults_claustrophobia, st_diamondy, v_pattern_3, v_misc_26,
          vaults_standard_mumra_x, v_misc_9, vaults_room_door_ring,
          serial_ice_b, nicolae_vaults_ring_of_whatevers, layout_vaults_omnibox,
          serial_shops, shop, nicolae_shop_behind_doors,
          nicolae_shop_statue_plus, uniq_bai_suzhen
Vaults:5: serial_shops, uniq_mara, uniq_boris, uniq_xtahua
Crypt:1:  layout_basic, lightli_enter_wizlab_magi_temple, uniq_saint_roka,
          uniq_margery
Crypt:2:  layout_basic, gammafunk_ghost_spectres
Crypt:3:  church_of_pain_bobbens, layout_chaotic_city,
          nicolae_tomb_entry_grand_gallery, basic_altar
Depths:1: layout_cave_pools, hell_entry, grunt_decor_mini_mirrors, abyss_entry,
          chequers_serial_rivers_small_a, kennysheep_generic_room_16,
          minmay_shop_grove, serial_bayou_shore_a, serial_bayou_shore_b
Depths:2: minmay_the_grid_square_5x5_4x4 [minmay_the_grid_square_5x5_three,
          minmay_the_grid_square_5x5_bridge,
          minmay_the_grid_square_5x5_misaligned,
          minmay_the_grid_square_5x5_moneybag,
          minmay_the_grid_square_5x5_longway,
          minmay_the_grid_square_5x5_prize_open,
          minmay_the_grid_square_5x5_prize_snowflake,
          minmay_the_grid_square_5x5_n, minmay_the_grid_square_5x5_n_small,
          minmay_the_grid_square_5x5_prize_open,
          minmay_the_grid_square_5x5_prize_waves,
          minmay_the_grid_square_5x5_minibox,
          minmay_the_grid_square_5x5_gyroscope,
          minmay_the_grid_square_5x5_inner_i, minmay_the_grid_square_5x5_empty,
          minmay_the_grid_square_5x5_shrine2], layout_basic,
          lemuel_statue_altar, serial_shops, shop, grunt_hell_entry_dis_old,
          gammafunk_ghost_cemetery, nicolae_trove_entry_free_sample,
          minivault_10
Depths:3: grunt_bent_corner, layout_basic, abyss_entry, grunt_pan_entry_spiral,
          pf_hell_entry_tar_spiral, infiniplex_staircase_star
Depths:4: kennysheep_six_static_rooms, layout_basic, serial_rivers,
          chequers_serial_rivers_room_a, chequers_serial_rivers_micro_c,
          chequers_serial_rivers_room_a, chequers_serial_rivers_marsh,
          abyss_entry, cheibriados_altar_1, hellmouth_1, st_stairs_13,
          kennysheep_generic_room_11
Depths:5: evilmike_zot_entry_basic, layout_twisted_cross, enter_ziggurat_d,
          serial_shops, bzr_entry_islet, hangedman_decor_lopped, hell_entry,
          grunt_megastairs_3
Zot:1:    regret_index_qazlal_generations, layout_twisted_circle, uniq_tiamat
Zot:2:    layout_gridville
Zot:3:    gammafunk_dig_for_victory, layout_twisted_circle
Zot:4:    circus_mu, layout_basic
Zot:5:    layout_cellular_growth, st_stairs_14, skrybe_zot_glass_3

Skill      XL: |  1  2  3  4  5  6  7  8  9 10 11 12 13 14 15 16 17 18 19 20 21 22 23 24 25 26 27 |
---------------+----------------------------------------------------------------------------------+-----
Axes           | 5 6 7 8 10 11 14 15 17 18 | 18.0
Armour         | 1 2 3 4 5 6 8 10 11 13 14 15 16 17 18 19 20 22 24 27 | 27.0
Fighting       | 3 4 5 7 8 10 12 14 16 17 18 19 20 22 23 24 26 27 | 27.0
Throwing       | 2 3 4 5 6 7 8 27 | 27.0
Shields        | 1 2 3 4 6 9 11 13 14 15 25 | 25.0
Invocations    | 2 4 6 8 10 11 12 14 15 16 17 18 19 20 21 22 24 26 27 | 27.0
Evocations     | 23 | 23.9
Dodging        | |  2.4

Action                   |  1- 3 |  4- 6 |  7- 9 | 10-12 | 13-15 | 16-18 | 19-21 | 22-24 | 25-27 || total
-------------------------+-------+-------+-------+-------+-------+-------+-------+-------+-------++-------
Melee: War axe           |   109 |   159 |   331 |   730 |       |       |       |       |       ||  1329
       Morningstar       |       |       |       |     4 |       |       |       |       |       ||     4
       Broad axe         |       |       |       |    48 |   975 |  1254 |  1166 |  1341 |  6417 || 11201
       Headbutt          |       |       |       |       |       |       |       |       |   325 ||   325
Throw: Throwing net      |       |     3 |       |       |       |       |       |       |       ||     3
       Dart              |       |     5 |    14 |    41 |    33 |    12 |     1 |       |       ||   106
       Boomerang         |       |       |       |     6 |    21 |   129 |    13 |    12 |   203 ||   384
       Javelin           |       |       |       |       |       |       |     4 |       |    35 ||    39
Invok: Divine Shield     |       |       |       |     1 |     3 |     2 |     1 |     1 |    10 ||    18
       Cleansing Flame   |       |       |       |       |       |     9 |     4 |     8 |    74 ||    95
       Summon Divine War |       |       |       |       |       |     3 |     2 |     7 |    34 ||    46
       Brand Weapon With |       |       |       |       |       |       |       |       |     1 ||     1
Evoke: Wand              |       |       |       |     5 |       |     3 |       |       |     8 ||    16
  Use: Potion            |       |       |     1 |       |       |     1 |     4 |     4 |    25 ||    35
       Scroll            |       |       |       |    15 |    18 |    10 |     5 |    17 |    47 ||   112
 Stab: Held in net/web   |       |     2 |       |       |       |       |       |       |       ||     2
  Eat: Chunk             |     3 |     6 |    13 |    29 |    30 |    30 |    31 |    29 |    75 ||   246
       Ration            |       |       |     1 |     2 |     1 |     6 |       |     4 |    29 ||    43
Armor: Leather armour    |    43 |    35 |       |       |       |       |       |       |       ||    78
       Scale mail        |       |    39 |    84 |   112 |       |       |       |       |       ||   235
       Skin              |       |       |     7 |       |       |       |       |       |       ||     7
       Plate armour      |       |       |       |   176 |   473 |   351 |   446 |   481 |   420 ||  2347
       Swamp dragon scal |       |       |       |       |       |   436 |       |       |       ||   436
       Gold dragon scale |       |       |       |       |       |       |       |       |  2393 ||  2393
Dodge: Dodged            |    68 |   101 |   129 |   334 |   264 |   432 |   210 |   280 |  1768 ||  3586
Block: Buckler           |     9 |    41 |    50 |   174 |   144 |       |       |       |       ||   418
       Kite shield       |       |       |       |       |   217 |   901 |   795 |   824 |  4912 ||  7649
